Cogmind - Beta 13 @@@ ROGUE MODE // 2024.06.18 @ 01:18:35 Player: celerysam Result: Destroyed by S-27 Virus with Autogun Performance ------------- Evolutions (5) 2500 Regions Visited (11) 2200 Robots Destroyed (55) 275 Value Destroyed (1937) 1937 Prototype IDs (7) 140 Alien Tech Used (0) 0 Bonus (0) 0 TOTAL SCORE: 7052 Bonus ------- None Cogmind --------- Core Integrity 0/1000 Matter 278/300 Energy 7/100 System Corruption 22% Temperature Cool (0) Movement Core (150) Ox2 Location -5/Upper Caves Parts ------- > --- POWER (2) -------- (None) > --- PROPULSION (6) --- (None) > --- UTILITY (5) ------ (None) > --- WEAPON (4) ------- Magnetic Acceleration Cannon > --- INVENTORY (5) ---- Fission Core Advanced Heat Sink Improved Salvage Targeting Computer Compact HERF Cannon Peak State ------------ > --- POWER ------------ Fusion Compressor Micro Fission Core > --- PROPULSION ------- Improved Medium Treads Armored Medium Treads Improved Airjet Improved Airjet Antigrav System Improved Antigrav System > --- UTILITY ---------- Energy Well Matter Compressor Advanced Weight Redist. System Advanced Targeting Computer Experimental Targeting Computer > --- WEAPON ----------- Improved Lightning Gun Improved KE Penetrator Improved Plasma Cutter Power Maul > --- INVENTORY -------- Armored Medium Treads Advanced Heat Sink Cooled Plasma Rifle Compact HERF Cannon Magnetic Acceleration Cannon [Rating: 93] Favorites ----------- Power Angular Momentum Engine Engine Angular Momentum Engine Power Core Fusion Compressor Propulsion Improved Airjet Treads Armored Medium Treads Leg Aluminum Leg Wheel Wheel Hover Unit Improved Airjet Flight Unit VTOL Module Utility Advanced Targeting Computer Device Advanced Heat Sink Storage Small Storage Unit Processor Advanced Targeting Computer Weapon Maul Energy Gun Medium Laser Energy Cannon Advanced Beam Cannon Ballistic Gun Heavy Battle Rifle Ballistic Cannon Magnetic Acceleration Cannon Launcher Heavy Rocket Launcher Special Weapon Improved Remote Datajack Impact Weapon Maul Slashing Weapon Greatsword Special Melee Weapon Datajack Build | -11 -10 -9 -9 -8 -7 -6 -6 -6 -5 -5 -5 ------- Run | Yrd Mat Mat Min Mat Fac Fac Was Fac Fac Upp Upp Slots Evolved 10 | . . 2 . 2 2 2 . . 2 . . Power 1 | . . . . 1 . . . . . . . Propulsion 4 | . . 2 . . 1 1 . . . . . Utility 3 | . . . . 1 1 . . . 1 . . Weapon 2 | . . . . . . 1 . . 1 . . Parts Attached 104 | 6 1 17 2 11 2 21 . 1 31 2 10 Power 18 | 1 . 2 . 3 . 5 . 1 5 . 1 Engine 13 | 1 . 2 . 3 . 2 . 1 4 . . Core 5 | . . . . . . 3 . . 1 . 1 Reactor . | . . . . . . . . . . . . Propulsion 38 | 2 . 8 1 4 1 5 . . 12 . 5 Treads 10 | . . 2 . . . 3 . . 5 . . Leg 3 | . . 2 . . . . . . 1 . . Wheel 3 | 2 . . . . . . . . 1 . . Hover 10 | . . . . 4 1 1 . . 4 . . Flight 12 | . . 4 1 . . 1 . . 1 . 5 Utility 19 | 1 1 3 1 2 1 4 . . 5 . 1 Device 10 | . . 1 1 2 . 4 . . 1 . 1 Storage 5 | 1 . 2 . . . . . . 2 . . Processor 4 | . 1 . . . 1 . . . 2 . . Hackware . | . . . . . . . . . . . . Protection . | . . . . . . . . . . . . Artifact . | . . . . . . . . . . . . Weapon 29 | 2 . 4 . 2 . 7 . . 9 2 3 Energy Gun 8 | 2 . 1 . . . 1 . . 3 . 1 Energy Cannon 2 | . . 1 . . . . . . 1 . . Ballistic Gun 4 | . . . . 1 . 2 . . 1 . . Ballistic Cannon 3 | . . . . . . . . . . 1 2 Launcher 3 | . . . . 1 . 2 . . . . . Special Weapon 3 | . . . . . . . . . 3 . . Impact Weapon 4 | . . 2 . . . 1 . . 1 . . Slashing Weapon 1 | . . . . . . 1 . . . . . Piercing Weapon . | . . . . . . . . . . . . Special Melee Weapon 1 | . . . . . . . . . . 1 . Unidentified Prototypes 7 | . . 1 . 1 . 1 . . 4 . . Corrupted Parts 3 | . . . . . . . . . . . 3 System Corruption 8 | . . . . . . . . . . . 8 Parts Lost 34 | . . 4 . 1 . 1 3 . 16 . 9 Power 7 | . . 1 . 1 . . 1 . 3 . 1 Propulsion 18 | . . 2 . . . 1 2 . 8 . 5 Utility 2 | . . . . . . . . . 1 . 1 Weapon 7 | . . 1 . . . . . . 4 . 2 Highest Loss Streak 8 | . . 2 . 1 . 1 3 . 4 . 8 To Critical Strikes . | . . . . . . . . . . . . Average Slot Usage (%) 81 | . 95 89 100 88 92 96 78 . 81 4 19 Engine 6 | . 14 10 11 15 7 8 . . 3 . . Core 3 | . . . . . . 3 10 . 5 . 2 Treads 7 | . . 13 . . . 7 7 . 9 . . Wheel 2 | . 28 2 . . . . . . . . . Hover 15 | . . . . 27 38 30 24 . 15 . . Flight 3 | . . 15 44 8 . . . . . . 8 Device 8 | . . 6 11 16 15 13 13 . 6 . 1 Storage 7 | . 14 11 11 9 7 6 4 . 7 . . Processor 5 | . 10 2 . . 7 6 6 . 9 . . Energy Gun 4 | . 28 10 . . . 2 . . 3 . 2 Energy Cannon 1 | . . 7 . . . . . . . . . Ballistic Gun 3 | . . . . . 7 6 4 . 3 . . Launcher 1 | . . . . 1 . 3 . . . . . Special Weapon 1 | . . . . . . . . . 3 . . Impact Weapon 4 | . . 2 22 9 7 5 . . 3 . . Naked Turns 45 | . . . . . . . . . 11 29 5 Heaviest Build 47 | 12 12 22 14 29 23 47 31 25 46 9 14 Greatest Support 120 | 20 20 40 16 36 44 44 42 27 120 3 16 Greatest Overweight (x) 4 | . . 1 . 1 . 1 1 . 2 2 4 Average Overweight (x) . | . . . . . . . . . . . . Largest Inventory Capacity 10 | 8 8 10 8 8 8 8 8 5 5 5 5 Average Capacity 6 | 7 8 8 8 8 8 8 7 5 5 5 5 Most Carried 8 | 7 8 8 8 8 7 8 8 4 5 5 5 Average Carried 6 | 3 7 6 7 7 5 7 7 4 4 4 4 Final Capacity 8 | 8 8 8 8 8 8 8 5 5 5 5 5 Final Carried 8 | 6 8 8 8 7 7 8 5 4 4 5 4 Class Distribution -------------------- 77% | Mutant 11% | Gunner 9% | Scavenger-Gunner Dominant Class ---------------- Mutant | -10/Materials Mutant | -9/Materials Sprinter | -9/Mines Mutant | -8/Materials Mutant | -7/Factory Mutant | -6/Factory Mutant | -6/Waste Mutant | -6/Factory Gunner | -5/Factory Mutant | -5/Upper Caves Mutant | -5/Upper Caves Resources | -11 -10 -9 -9 -8 -7 -6 -6 -6 -5 -5 -5 ----------- Run | Yrd Mat Mat Min Mat Fac Fac Was Fac Fac Upp Upp Matter Collected 1644 | 202 68 150 29 68 . 182 . . 805 10 130 Remotely . | . . . . . . . . . . . . Salvage Created 2103 | . 145 448 . 158 . 162 . . 1049 . 141 Parts 65 | . 6 14 . 3 . 8 . . 29 . 5 Haulers Intercepted 2 | . . 1 . . . . . . 1 . . Recyclers Shooed . | . . . . . . . . . . . . Parts Field Recycled . | . . . . . . . . . . . . Retrieved Matter . | . . . . . . . . . . . . Parts Self-Destructed 2 | . . . . . . . . . . . 2 Prevented 3 | . . . . . . . . . . . 3 Kills | -11 -10 -9 -9 -8 -7 -6 -6 -6 -5 -5 -5 ------- Run | Yrd Mat Mat Min Mat Fac Fac Was Fac Fac Upp Upp Combat Hostiles Destroyed 47 | . 3 12 . 6 . 7 . . 15 . 4 Melee 14 | . . 4 . . . 3 . . 7 . . Guns 13 | . 3 . . 1 . 4 . . 2 . 3 Cannons 5 | . . 3 . . . . . . 1 . 1 AOE 6 | . . . . 5 . . . . 1 . . Classes Destroyed 10 | . 1 4 . 1 . 2 . . 1 . 1 Worker 3 | . . . . . . . . . 3 . . Hauler 2 | . . 1 . . . . . . 1 . . Recycler 2 | . . 1 . . . . . . 1 . . Operator 1 | . . . . . . 1 . . . . . Swarmer 19 | . . 7 . . . 6 . . 3 . 3 Grunt 17 | . 3 3 . 5 . . . . 6 . . Sentry 3 | . . 2 . . . . . . 1 . . Hunter 1 | . . . . 1 . . . . . . . Programmer 6 | . . . . . . 1 . . 5 . . Mutant 1 | . . . . . . . . . . . 1 Best Kill Streak 6 | . 2 5 . 6 . 3 . . 6 . 2 Combat Bots Only 6 | . 2 4 . 6 . 3 . . 4 . 2 Max Kills in Single Turn 3 | . 1 1 . 3 . 1 . . 1 . 1 Gunslinging . | . . . . . . . . . . . . Exploded 3 | . . . . 3 . . . . 1 . . Melee 1 | . . 1 . . . 1 . . 1 . . Uniques/NPCs Destroyed . | . . . . . . . . . . . . Combat | -11 -10 -9 -9 -8 -7 -6 -6 -6 -5 -5 -5 -------- Run | Yrd Mat Mat Min Mat Fac Fac Was Fac Fac Upp Upp Hostile Shots Fired 524 | . 10 109 4 16 9 65 3 . 207 6 95 Missed 156 | . 1 28 1 9 3 23 . . 64 1 26 Damage Taken 5746 | . 130 864 34 110 45 630 134 . 2715 113 971 Core 1332 | . 28 203 10 10 5 74 . . 451 113 438 Absorbed by Shields . | . . . . . . . . . . . . Core Remaining (%) 87 | 100 88 . 46 98 99 . . 91 . . . Volleys Fired 101 | . 10 22 . 7 . 17 . . 25 1 19 Largest 2 | . 2 2 . 1 . 1 . . 2 1 1 Hottest 118 | . 100 118 . 39 . 39 . . 98 53 53 Shots Fired 143 | . 20 41 . 7 . 17 1 . 38 1 18 Gun 98 | . 20 21 . 2 . 16 1 . 28 . 10 Cannon 29 | . . 20 . . . . . . . 1 8 Launcher 6 | . . . . 5 . 1 . . . . . Special 10 | . . . . . . . . . 10 . . Kinetic 40 | . . . . 2 . 16 1 . 12 1 8 Thermal 81 | . 20 41 . . . . . . 10 . 10 Explosive 6 | . . . . 5 . 1 . . . . . Electromagnetic 16 | . . . . . . . . . 16 . . Robot Hit Streak 31 | . 19 31 . 5 . 10 2 . 17 . 3 Robot Miss Streak 4 | . . 2 . . . 2 4 . 1 . 4 Penetration Max 1 | . . . . . . . . . 1 . . Secondary Targets . | . . . . . . . . . . . . Shots Hit Robots 166 | . 19 50 . 5 . 17 1 . 67 . 7 Core Hits 59 | . 7 10 . 15 . 8 . . 14 . 5 Critical Kills . | . . . . . . . . . . . . Critical Parts Destroyed 17 | . . 5 . . . 3 . . 9 . . Critical Strikes 25 | . . 7 . . . 3 . . 13 . 2 Burn 4 | . . 2 . . . . . . . . 2 Corrupt 2 | . . . . . . . . . 2 . . Smash 17 | . . 5 . . . 3 . . 9 . . Sever 2 | . . . . . . . . . 2 . . Melee Attacks 72 | . . 21 . . . 9 . . 42 . . Impact 65 | . . 21 . . . 9 . . 35 . . Slashing 7 | . . . . . . . . . 7 . . Piercing . | . . . . . . . . . . . . Sneak Attacks 6 | . . 1 . . . . . . 5 . . Combat Hostiles . | . . . . . . . . . . . . Follow-up Attacks . | . . . . . . . . . . . . Damage Inflicted 5538 | . 238 1083 . 701 . 592 . . 2649 . 275 Guns 1536 | . 238 234 . 31 . 295 . . 524 . 214 Cannons 448 | . . 387 . . . . . . . . 61 Explosions 734 | . . . . 670 . . . . 64 . . Melee 2723 | . . 462 . . . 297 . . 1964 . . Ramming . | . . . . . . . . . . . . Kinetic 659 | . . . . 31 . 295 . . 272 . 61 Thermal 1234 | . 238 621 . . . . . . 161 . 214 Explosive 670 | . . . . 670 . . . . . . . Electromagnetic 252 | . . . . . . . . . 252 . . Impact 2273 | . . 462 . . . 297 . . 1514 . . Slashing 450 | . . . . . . . . . 450 . . Piercing . | . . . . . . . . . . . . Highest Corruption 22 | . . . . . . 2 12 12 12 12 22 Average Corruption 6 | . . . . . . 1 10 12 4 12 17 Corruption Purged . | . . . . . . . . . . . . Corruption Blocked . | . . . . . . . . . . . . Effects 35 | . . . . . . 1 4 . 15 9 6 Message Errors 10 | . . . . . . . . . 5 2 3 Matter Fused 4 | . . . . . . . 2 . 1 . 1 Heat Flow Errors 7 | . . . . . . . 1 . 2 4 . Energy Discharges 5 | . . . . . . 1 . . 3 1 . Data Loss (minor) 4 | . . . . . . . . . 2 1 1 Data Loss (major) 1 | . . . . . . . . . . 1 . Misfires 2 | . . . . . . . 1 . 1 . . Weapon Failures 2 | . . . . . . . . . 1 . 1 Overload Shots . | . . . . . . . . . . . . Overflow Damage 1162 | . . 246 . 25 . 157 . . 734 . . Projectiles . | . . . . . . . . . . . . Explosions 25 | . . . . 25 . . . . . . . Melee 1137 | . . 246 . . . 157 . . 734 . . Knockbacks 9 | . . . . . . . . . 8 . 1 Impact 8 | . . . . . . . . . 8 . . Kinetic 1 | . . . . . . . . . . . 1 Secondary . | . . . . . . . . . . . . Self-Inflicted Damage 44 | . . . . . . . . . 44 . . Shots 1 | . . . . . . . . . 1 . . Rammed 2 | . . . . . . . . . . . 2 Targets Rammed 2 | . . . . . . . . . . . 2 Kicked . | . . . . . . . . . . . . Crushed . | . . . . . . . . . . . . Highest Temperature 452 | . 374 452 . 6 . . 236 . 217 244 12 Average Temperature 131 | . 172 191 . 4 . . 120 . 46 99 12 Received Heat Transfer 816 | . 72 276 21 45 12 . . . 372 18 . Effects 11 | . 4 6 . . . . . . 1 . . Shutdowns 2 | . 1 1 . . . . . . . . . Energy Bleed 1 | . . . . . . . . . 1 . . Interference 3 | . 3 . . . . . . . . . . Short Circuit 2 | . . 2 . . . . . . . . . Damage (major) 3 | . . 3 . . . . . . . . . Siege Activations . | . . . . . . . . . . . . Robots Corrupted 1 | . . . . . . . . . 1 . . Combat Hostiles 1 | . . . . . . . . . 1 . . Parts Fried 15 | . . 2 . . . 2 . . 11 . . Impact Corruptions 40 | . . 11 . . . 6 . . 23 . . Robots Melted 2 | . . 2 . . . . . . . . . Combat Hostiles 2 | . . 2 . . . . . . . . . Parts Melted 8 | . 1 7 . . . . . . . . . Heat Transferred 3079 | . 703 1554 . . . . . . 222 . 600 Parts Sabotaged . | . . . . . . . . . . . . Parts Stolen . | . . . . . . . . . . . . Parts Stripped . | . . . . . . . . . . . . Power Chain Reactions 1 | . . . . . . . . . 1 . . Alert | -11 -10 -9 -9 -8 -7 -6 -6 -6 -5 -5 -5 ------- Run | Yrd Mat Mat Min Mat Fac Fac Was Fac Fac Upp Upp Peak Influence 298 | . 70 242 133 298 157 185 25 . 181 . . Initial 142 | . . 29 88 51 142 76 10 . . . . Average 68 | . 20 153 102 89 142 61 14 . 44 . . Maximum Alert Level 1 | . . 1 . 1 . . . . . . . Low Security (%) 94 | 100 100 68 100 90 100 100 100 100 100 . . Level 1 5 | . . 31 . 9 . . . . . . . Level 2 . | . . . . . . . . . . . . Level 3 . | . . . . . . . . . . . . Level 4 . | . . . . . . . . . . . . Level 5 . | . . . . . . . . . . . . High Security . | . . . . . . . . . . . . Max Security . | . . . . . . . . . . . . Squads Dispatched 11 | . . 1 . 3 . 2 . . 5 . . Investigation 3 | . . . . 2 . . . . 1 . . Extermination 3 | . . . . . . 1 . . 2 . . Reinforcement 3 | . . 1 . . . 1 . . 1 . . Assault . | . . . . . . . . . . . . Garrison 2 | . . . . 1 . . . . 1 . . Intercept . | . . . . . . . . . . . . Searches Triggered . | . . . . . . . . . . . . Construction Impeded . | . . . . . . . . . . . . Haulers Reinforced . | . . . . . . . . . . . . Active Scanning Responses . | . . . . . . . . . . . . Cargo Convoy Interrupts 1 | . . . . . . . . . 1 . . Stealth | -11 -10 -9 -9 -8 -7 -6 -6 -6 -5 -5 -5 --------- Run | Yrd Mat Mat Min Mat Fac Fac Was Fac Fac Upp Upp Distress Signals 1 | . . . . . . . . . 1 . . Communications Jammed 16 | . . . . . . 1 . . 15 . . Distress Signals 15 | . . . . . . 1 . . 14 . . Times Spotted 108 | . 3 20 8 12 1 10 6 . 37 1 10 Peak Tracking Total 18 | . 2 5 7 9 1 4 6 . 18 1 5 Tactical Retreats 6 | . . 2 1 1 . . 1 . . 1 . Traps | -11 -10 -9 -9 -8 -7 -6 -6 -6 -5 -5 -5 ------- Run | Yrd Mat Mat Min Mat Fac Fac Was Fac Fac Upp Upp Traps Triggered 4 | . . . . 2 . 1 . . 1 . . Indirectly . | . . . . . . . . . . . . Trap Hack Attempts . | . . . . . . . . . . . . Triggered . | . . . . . . . . . . . . Disarmed . | . . . . . . . . . . . . Reprogrammed . | . . . . . . . . . . . . Reused . | . . . . . . . . . . . . Traps Extracted . | . . . . . . . . . . . . Installed . | . . . . . . . . . . . . Triggered 1 | . . . . . . . . . . . 1 Machines | -11 -10 -9 -9 -8 -7 -6 -6 -6 -5 -5 -5 ---------- Run | Yrd Mat Mat Min Mat Fac Fac Was Fac Fac Upp Upp Machines Disabled 6 | . . . . 2 . . . . 3 . 1 Max in Single Turn 2 | . . . . 1 . . . . 2 . 1 Machines Repaired . | . . . . . . . . . . . . Machines Dismantled 1 | . . . . . . . . . 1 . . Machines Sabotaged . | . . . . . . . . . . . . Overloaded Fab Kills . | . . . . . . . . . . . . Hacking | -11 -10 -9 -9 -8 -7 -6 -6 -6 -5 -5 -5 --------- Run | Yrd Mat Mat Min Mat Fac Fac Was Fac Fac Upp Upp Machines Accessed 12 | . 1 . . 1 . 4 . . 5 1 . Terminals 7 | . 1 . . 1 . 2 . . 2 1 . Fabricators 2 | . . . . . . 1 . . 1 . . Repair Stations 1 | . . . . . . . . . 1 . . Recycling Units 2 | . . . . . . 1 . . 1 . . Scanalyzers . | . . . . . . . . . . . . Garrison Access . | . . . . . . . . . . . . Total Hacks 18 | . 3 . . 1 . 5 . . 8 1 . Successful 8 | . . . . . . 2 . . 5 1 . Failed 10 | . 3 . . 1 . 3 . . 3 . . Catastrophic 4 | . 2 . . . . 2 . . . . . Database Lockouts . | . . . . . . . . . . . . Manual 4 | . . . . . . 2 . . 2 . . Terminals 10 | . 3 . . 1 . 3 . . 2 1 . Fabricators 3 | . . . . . . 1 . . 2 . . Repair Stations 2 | . . . . . . . . . 2 . . Recycling Units 3 | . . . . . . 1 . . 2 . . Scanalyzers . | . . . . . . . . . . . . Garrison Access . | . . . . . . . . . . . . Terminal Hacks 3 | . . . . . . 1 . . 1 1 . Record 1 | . . . . . . . . . . 1 . Emergency Access Points 1 | . . . . . . 1 . . . . . Unreport Threat 1 | . . . . . . . . . 1 . . Fabricator Hacks 2 | . . . . . . . . . 2 . . Network Status 1 | . . . . . . . . . 1 . . Build 1 | . . . . . . . . . 1 . . Repair Station Hacks . | . . . . . . . . . . . . Recycling Unit Hacks 2 | . . . . . . . . . 2 . . Report Inventory 1 | . . . . . . . . . 1 . . Retrieve Components 1 | . . . . . . . . . 1 . . Scanalyzer . | . . . . . . . . . . . . Garrison Access Hacks . | . . . . . . . . . . . . Unauthorized Hacks 1 | . . . . . . 1 . . . . . Terminals 1 | . . . . . . 1 . . . . . Assimilate 1 | . . . . . . 1 . . . . . Fabricators . | . . . . . . . . . . . . Repair Stations . | . . . . . . . . . . . . Recycling Units . | . . . . . . . . . . . . Scanalyzers . | . . . . . . . . . . . . Garrison Access . | . . . . . . . . . . . . Data Cores Recovered 1 | . . . . . . 1 . . . . . Used 1 | . . . . . . 1 . . . . . Hacking Detections 8 | . 1 . . . . 3 . . 4 . . Full Trace Events 2 | . 1 . . . . . . . 1 . . Feedback Events . | . . . . . . . . . . . . Feedback Blocked . | . . . . . . . . . . . . Robot Schematics Acquired . | . . . . . . . . . . . . Robots Built . | . . . . . . . . . . . . Authchips . | . . . . . . . . . . . . Time . | . . . . . . . . . . . . Total Robot Build Rating . | . . . . . . . . . . . . Part Schematics Acquired . | . . . . . . . . . . . . Parts Built 1 | . . . . . . . . . 1 . . Authchips . | . . . . . . . . . . . . Time 64 | . . . . . . . . . 64 . . Total Part Build Rating 8 | . . . . . . . . . 8 . . Parts Repaired . | . . . . . . . . . . . . Time . | . . . . . . . . . . . . Parts Recycled . | . . . . . . . . . . . . Recycled Matter . | . . . . . . . . . . . . Retrieved Matter . | . . . . . . . . . . . . Retrieved Components 10 | . . . . . . . . . 10 . . Parts Scanalyzed . | . . . . . . . . . . . . Part Schematics Acquired . | . . . . . . . . . . . . Parts Damaged . | . . . . . . . . . . . . Bothacking | -11 -10 -9 -9 -8 -7 -6 -6 -6 -5 -5 -5 ------------ Run | Yrd Mat Mat Min Mat Fac Fac Was Fac Fac Upp Upp Used RIF Installer . | . . . . . . . . . . . . Robots Hacked . | . . . . . . . . . . . . Non-combat . | . . . . . . . . . . . . Combat . | . . . . . . . . . . . . Robot Hacks Applied . | . . . . . . . . . . . . Relay Couplers Released . | . . . . . . . . . . . . Fabnet Peak Effective % . | . . . . . . . . . . . . Robots Rewired . | . . . . . . . . . . . . Allies Hacked . | . . . . . . . . . . . . Hacks Repelled . | . . . . . . . . . . . . Allies | -11 -10 -9 -9 -8 -7 -6 -6 -6 -5 -5 -5 -------- Run | Yrd Mat Mat Min Mat Fac Fac Was Fac Fac Upp Upp Total Allies . | . . . . . . . . . . . . Largest Group . | . . . . . . . . . . . . Highest-Rated Group . | . . . . . . . . . . . . Highest-Rated Ally . | . . . . . . . . . . . . Total Orders . | . . . . . . . . . . . . Ally Attacks . | . . . . . . . . . . . . Total Damage . | . . . . . . . . . . . . Kills . | . . . . . . . . . . . . Allies Corrupted . | . . . . . . . . . . . . Allies Melted . | . . . . . . . . . . . . Intel | -11 -10 -9 -9 -8 -7 -6 -6 -6 -5 -5 -5 ------- Run | Yrd Mat Mat Min Mat Fac Fac Was Fac Fac Upp Upp Robot Analysis Total . | . . . . . . . . . . . . Derelict Logs Recovered 2 | . . . . . . . . . . 2 . Drone Launches . | . . . . . . . . . . . . Drone Recoveries . | . . . . . . . . . . . . Exploration | -11 -10 -9 -9 -8 -7 -6 -6 -6 -5 -5 -5 ------------- Run | Yrd Mat Mat Min Mat Fac Fac Was Fac Fac Upp Upp Turns Passed 3517 | 54 180 514 49 117 34 1093 90 7 1005 278 96 Spaces Moved 3166 | 47 167 324 136 206 82 732 76 14 756 536 90 Core 594 | 4 . . . . . . . . 23 536 31 Treads 549 | . . 148 . . . 191 38 . 172 . . Legs . | . . . . . . . . . . . . Wheels 279 | 43 167 63 . . . . . . 6 . . Hover 1389 | . . . . 159 82 541 38 14 555 . . Flight 355 | . . 113 136 47 . . . . . . 59 Fastest Speed 26 | 50 80 27 27 27 36 36 42 42 42 50 26 Average Speed 74 | 77 80 101 27 35 36 89 103 42 88 50 41 Slowest Speed 250 | 80 80 160 27 110 36 237 250 42 167 150 250 Overloaded Moves . | . . . . . . . . . . . . Propulsion Burnouts . | . . . . . . . . . . . . Robots Hopped . | . . . . . . . . . . . . Cave-ins Triggered . | . . . . . . . . . . . . Exploration Rate (%) 25 | 3 34 34 21 27 2 18 72 1 16 70 8 Regions Visited 11 Branch Regions 3 Pre-discovered Areas 1 | . . . . . . . . . . 1 . Known Exits Taken . | . . . . . . . . . . . . Unknown Exits Taken 9 | 1 1 1 1 1 1 . . 1 1 1 . Scrap Searched 4 | . . . 1 . . . . . . 3 . Spaces Dug . | . . . . . . . . . . . . Terrain Destroyed 52 | . . . . 31 . 12 . . 2 . 7 Melee . | . . . . . . . . . . . . Projectile 9 | . . . . . . . . . 2 . 7 AOE 43 | . . . . 31 . 12 . . . . . Terrain Rammed . | . . . . . . . . . . . . Walls Destroyed . | . . . . . . . . . . . . Machines Disabled . | . . . . . . . . . . . . Actions | -11 -10 -9 -9 -8 -7 -6 -6 -6 -5 -5 -5 --------- Run | Yrd Mat Mat Min Mat Fac Fac Was Fac Fac Upp Upp Total 4011 | 64 192 429 147 242 85 1135 86 14 949 540 128 Wait 463 | . 13 26 7 . . 328 11 . 76 . 2 Move 3156 | 46 166 323 135 205 81 732 75 13 755 535 90 Hop . | . . . . . . . . . . . . Pick Up 59 | 12 2 11 2 6 2 12 . . 7 1 4 Fast Attach 35 | . 1 3 . 7 . 3 . . 16 1 4 Attach 39 | 6 . 9 1 2 2 3 . 1 8 1 6 Detach 7 | . . 1 . 1 . 1 . . 2 1 1 Swap 30 | . . 5 1 2 . 15 . . 7 . . Drop 43 | . . 8 1 12 . 15 . . 7 . . Fire 101 | . 10 22 . 7 . 17 . . 25 1 19 Melee 72 | . . 21 . . . 9 . . 42 . . Ram 2 | . . . . . . . . . . . 2 Kick . | . . . . . . . . . . . . Crush . | . . . . . . . . . . . . Escape Stasis . | . . . . . . . . . . . . Rewire . | . . . . . . . . . . . . Trap . | . . . . . . . . . . . . Miscellaneous 4 | . . . . . . . . . 4 . . Route ------- -11/Scrapyard -10/Materials -9/Materials -9/Mines -8/Materials -7/Factory -6/Factory -6/Waste -6/Factory -5/Factory -5/Upper Caves -5/Upper Caves History --------- Turn | Location | Event 24 | -11/Scrapyard | Discovered new exit (range 16) 55 | -11/Scrapyard | Entered Materials 215 | -10/Materials | Discovered new exit (range 16) 235 | -10/Materials | Entered another Materials area 235 | -9/Materials | Evolved 2 slots: Propulsion x2 316 | -9/Materials | Build established: Mutant 690 | -9/Materials | Discovered new exit (range 9) 710 | -9/Materials | Core integrity fell below 50% 749 | -9/Materials | Entered Mines 785 | -9/Mines | A weapon hastily lodged in a ceiling crevice suddenly fell to the ground 797 | -9/Mines | Discovered new exit (range 3) 798 | -9/Mines | Entered Materials 798 | -8/Materials | Evolved 2 slots: Power x1, Utility x1 887 | -8/Materials | Garrison activated, responded to threat 900 | -8/Materials | Discovered new exit (range 10) 915 | -8/Materials | Entered Factory 915 | -7/Factory | Evolved 2 slots: Propulsion x1, Utility x1 943 | -7/Factory | Discovered new exit (range 12) 949 | -7/Factory | Entered another Factory area 949 | -6/Factory | Evolved 2 slots: Propulsion x1, Weapon x1 2042 | -6/Factory | Sucked down chute 2042 | -6/Factory | Entered Waste 2055 | -6/Waste | Spotted C-40 Crusher 2055 | -6/Waste | Spotted C-40 Crusher 2057 | -6/Waste | EMP discharged 2057 | -6/Waste | System corruption reached 10% 2068 | -6/Waste | Spotted C-40 Crusher 2079 | -6/Waste | Spotted C-40 Crusher 2083 | -6/Waste | Spotted C-40 Crusher 2099 | -6/Waste | Crushed by Compactor (1 part destroyed) 2102 | -6/Waste | Crushed by Compactor (1 part destroyed, 1 dropped) 2105 | -6/Waste | Spotted C-40 Crusher 2106 | -6/Waste | Crushed by Compactor (1 part destroyed, 2 dropped) 2117 | -6/Waste | Discovered new exit (range 10) 2132 | -6/Waste | Entered Factory 2133 | -6/Factory | Discovered new exit (range 14) 2137 | -6/Factory | Lost 3 parts (1p2n) 2139 | -6/Factory | Entered another Factory area 2139 | -5/Factory | Evolved 2 slots: Utility x1, Weapon x1 2259 | -5/Factory | Fabricated Com. HERF Cannon (x1) 2334 | -5/Factory | Found Prototype Processor 2334 | -5/Factory | Identified Exp. Targeting Computer 2662 | -5/Factory | Build established: Gunner 2750 | -5/Factory | Lost 3 parts (2n1w) 2968 | -5/Factory | System corruption reached 10% 2998 | -5/Factory | Lost 4 parts (2p2n) 3118 | -5/Factory | Garrison activated, responded to threat 3128 | -5/Factory | Cargo convoy interrupted 3132 | -5/Factory | Released all parts (13) 3137 | -5/Factory | Discovered new exit (range 14) 3144 | -5/Factory | Entered Upper Caves 3162 | -5/Upper Caves | Attracted the attention of an 0b10 checkpoint 3164 | -5/Upper Caves | Lost 4 parts (1p1n2w) 3165 | -5/Upper Caves | Core integrity fell below 50% 3199 | -5/Upper Caves | Encountered a Warlord checkpoint 3348 | -5/Upper Caves | Learned location of 1 exit from Proximity Caves 3404 | -5/Upper Caves | Build established: Mutant 3420 | -5/Upper Caves | Discovered new exit (range 5) 3422 | -5/Upper Caves | Entered another Upper Caves area 3442 | -5/Upper Caves | Attacked by a delusional Derelict stockpiling Unaware 3462 | -5/Upper Caves | Core integrity fell below 20% 3518 | -5/Upper Caves | Destroyed by S-27 Virus with Autogun Last Messages --------------- 03481_ Acquired Corrupted VTOL Module. 03482_ Integrated Corrupted VTOL Module (+4). 03483_ Acquired 46 matter. 03484_ Acquired Imp. Salvage Targeting Computer. 03487_ Acquired Imp. Particle Charger. 03489_ Acquired 10 matter. 03494_ MM8K 03502_ S-27 Virus destroyed. 03506_ VTOL Module destroyed. 03507_ Lgt. Nuclear Core destroyed. 03509_ S-27 Virus suffers critical hit (Burn). 03509_ S-27 Virus destroyed. 03511_ Destroyed VTOL Module. 03511_ S-27 Virus suffers critical hit (Burn). 03511_ Cld. Plasma Rifle destroyed. 03513_ Imp. Particle Charger destroyed. 03516_ S-27 Virus knocked back. 03517_ VTOL Module fries itself beyond repair. 03518_ 5NLUYI KIJH1UVWEYVE>|XJWJ3ZY